 Dungeon Crawl Stone Soup version 0.30-a0-702-gdf48620a09 (webtiles) character file.

Game seed: 283869874000847512

7621 OTABOTABOTAB the Skirmisher (level 11, -9/86 HPs)
             Began as a Gnoll Hunter on Jan 22, 2023.
             Was a Believer of Okawaru.
             Mangled by a death yak (20 damage)
             ... on level 9 of the Dungeon.
             The game lasted 00:14:06 (8535 turns).

OTABOTABOTAB the Skirmisher (Gnoll Hunter)          Turns: 8535, Time: 00:14:06

Health: -9/86      AC: 16    Str: 14    XL:     11   Next: 18%
Magic:  20/20      EV: 19    Int: 11    God:    Okawaru [**....]
Gold:   352        SH:  0    Dex: 20    Spells: 22/22 levels left

rFire   + . .      SeeInvis .    a - +1 shortbow (elec)
rCold   + + .      Faith    .    (shield currently unavailable)
rNeg    . . .      Spirit   .    r - +1 ring mail of the Catamount {rPois rF+ rC++ Int+3}
rPois   +          Reflect  .    h - +0 helmet
rElec   .          Harm     .    k - +1 cloak
rCorr   +          Rampage  .    g - +1 pair of gloves {Str+3}
Will    .....                    l - +0 pair of boots
Stlth   +                        (no amulet)
HPRegen 0.34/turn                w - ring of resist corrosion
MPRegen 0.17/turn                (no ring)

@: confused, heroic, ambrosia-drunk
A: fangs 1, strong nose, distributed training
a: Renounce Religion, Heroism


You were on level 9 of the Dungeon.
You worshipped Okawaru.
Okawaru was pleased with you.
You visited 2 branches of the dungeon, and saw 10 of its levels.
You also visited: Ossuary.

You collected 407 gold pieces.
You spent 55 gold pieces at shops.

Inventory:

Hand Weapons
 a - a +1 shortbow of electrocution (weapon)
 b - a +4 trident
   (You took it off an orc on level 3 of the Dungeon)
Missiles
 i - a throwing net {!d}
 j - 6 curare-tipped darts
 p - 4 boomerangs
 q - 22 poisoned darts
 s - 95 stones
Armour
 g - a +1 pair of gloves of strength (worn)
   (You found it on level 5 of the Dungeon)
 h - a +0 helmet (worn)
   (You found it on level 4 of the Dungeon)
 k - a +1 cloak (worn)
   (You found it on level 1 of the Dungeon)
 l - a +0 pair of boots (worn)
   (You found it on level 1 of the Dungeon)
 r - the +1 ring mail of the Catamount (worn) {rPois rF+ rC++ Int+3}
   (You found it on level 9 of the Dungeon)

   Int:       It affects your intelligence (+3).
   rF:        It protects you from fire.
   rC:        It greatly protects you from cold.
   rPois:     It protects you from poison.
Jewellery
 f - a ring of fire {rF+, rC-}
   (You found it on level 4 of the Dungeon)
 w - a ring of resist corrosion (left hand)
   (You found it on level 5 of the Dungeon)
Scrolls
 d - a scroll of brand weapon
 e - 3 scrolls of fog
 x - a scroll of enchant weapon
 E - 4 scrolls of fear
 K - 2 scrolls of immolation {!r}
 X - a scroll of magic mapping {@r4!r}
 Y - 4 scrolls of teleportation {@r3}
Potions
 m - a potion of mutation {unknown}
 n - a potion of experience {unknown}
 o - a potion of berserk rage {unknown}
 t - a potion of flight {unknown}
 u - 2 potions of haste {unknown}
 B - 3 potions of brilliance
 J - a potion of curing {@q1}
 M - 3 potions of might
 P - 2 potions of lignification {!q}
 R - a potion of resistance


   Skills:
 + Level 7.8(12.8) Fighting
 + Level 6.2(11.2) Short Blades
 + Level 6.2(11.2) Long Blades
 + Level 6.2(11.2) Axes
 + Level 6.2(11.2) Maces & Flails
 + Level 6.2(11.2) Polearms
 + Level 6.2(11.2) Staves
 + Level 10.6(15.6) Ranged Weapons
 + Level 6.2(11.2) Throwing
 + Level 6.2(11.2) Armour
 + Level 7.8(12.8) Dodging
 + Level 6.7(11.7) Stealth
 + Level 6.2(11.2) Shields
 + Level 6.2(11.2) Unarmed Combat
 + Level 6.2 Spellcasting
 + Level 5.2 Conjurations
 + Level 5.2 Hexes
 + Level 5.2 Summonings
 + Level 5.2 Necromancy
 + Level 5.2 Translocations
 + Level 5.2 Transmutations
 + Level 5.2 Fire Magic
 + Level 5.2 Ice Magic
 + Level 5.2 Air Magic
 + Level 5.2 Earth Magic
 + Level 5.2 Poison Magic
 + Level 6.9 Invocations
 + Level 6.2 Evocations


You had 22 spell levels left.
You didn't know any spells.
Your spell library contained the following spells:

 Spells                   Type           Power      Damage    Failure   Level
 Shock                    Conj/Air       56%        1d6       3%          1
 Ensorcelled Hibernation  Hex/Ice        28%        N/A       6%          2
 Spider Form              Tmut/Pois      14%        N/A       12%         3
 Swiftness                Air            14%        N/A       12%         3
 Airstrike                Air            7%         2d(1-17)  36%         4
 Anguish                  Hex/Necr       7%         N/A       36%         4
 Enfeeble                 Hex            7%         N/A       100%        7
 Summon Small Mammal      Summ           Unusable   N/A       N/A         1
 Call Canine Familiar     Summ           Unusable   N/A       N/A         3
 Summon Guardian Golem    Hex/Summ       Unusable   N/A       N/A         3

Dungeon Overview and Level Annotations

Branches:
Dungeon (9/15)             Temple (1/1) D:7         Ossuary (visited)
   Lair: D:8-11         Orc: D:9-12

Altars:
Ashenzari
Cheibriados
Dithmenos
Elyvilon
Fedhas
Gozag
Hepliaklqana
Kikubaaqudgha
Makhleb
Nemelex Xobeh
Okawaru
Qazlal
Trog
Uskayaw
Vehumet
Wu Jian
Xom
Zin
The Shining One

Shops:
D:2 (   D:6 ([*[(   D:9 :

Annotations:
D:6 2 transporters, ASSMAN's ghost, novice GnTm


Innate Abilities, Weirdness & Mutations

You have very sharp teeth.
Your uncanny sense of smell can sniff out nearby items.
Your experience applies equally to all skills.


Message History

The arrow hits the death yak but does no damage.
Lightning courses through the death yak!
Fire: a) +1 shortbow (elec)
Aim: a hell rat (74% to hit)
You shoot an arrow.
The arrow hits the death yak but does no damage.
Lightning courses through the death yak!
The death yak misses you.
Fire: a) +1 shortbow (elec)
Aim: a hell rat (74% to hit)
You shoot an arrow.
The arrow hits the death yak but does no damage.
The death yak gores you!
* * * LOW HITPOINT WARNING * * *
You take 10 damage, and have 11/86 hp.
Really quaff
G - 2 potions of ambrosia {!q}?
You are confused.
You feel invigorated. The death yak closely misses you.
You regained 4 hp, and now have 15/86 hp.
MP restored: 20 Non-targeted confused fire: a) +1 shortbow (elec) Look: a death yak You shoot an arrow.
The death yak gores you but does no damage.
You regained 5 hp, and now have 20/86 hp.
Non-targeted confused fire: a) +1 shortbow (elec) Look: a death yak You shoot an arrow.
The death yak closely misses you.
You regained 3 hp, and now have 23/86 hp.
Non-targeted confused fire: a) +1 shortbow (elec) Look: a death yak You shoot an arrow.
The death yak misses you.
You regained 4 hp, and now have 27/86 hp.
Non-targeted confused fire: a) +1 shortbow (elec) Look: a death yak (severely wounded)
You shoot an arrow. The arrow hits the death yak!
You regained 4 hp, and now have 31/86 hp.
Non-targeted confused fire: a) +1 shortbow (elec) Look: a death yak (almost dead)
You shoot an arrow. The death yak completely misses you.
You regained 3 hp, and now have 34/86 hp.
Non-targeted confused fire: a) +1 shortbow (elec) Look: a death yak (almost dead)
You shoot an arrow.
You feel less invigorated.
You feel less confused. The death yak barely misses you.
You regained 4 hp, and now have 38/86 hp.
Fire: a) +1 shortbow (elec)
Aim: a death yak (85% to hit)
You shoot an arrow. The arrow hits the death yak.
The death yak completely misses you.
The hell rat twitches its whiskers.
Fire: a) +1 shortbow (elec)
Aim: a hell rat (74% to hit)
You shoot an arrow. The arrow hits the death yak!
Lightning courses through the death yak!
You kill the death yak!
Okawaru is honoured by your kill.
The river rat twitches its whiskers.
Fire: a) +1 shortbow (elec)
You shoot an arrow. The arrow hits the death yak!
Lightning courses through the death yak!!
Fire: a) +1 shortbow (elec)
Aim: a hell rat (74% to hit)
You shoot an arrow.
The arrow hits the death yak but does no damage.
The death yak gores you!
* * * LOW HITPOINT WARNING * * *
You take 15 damage, and have 24/86 hp.
Fire: a) +1 shortbow (elec)
Aim: a water moccasin (62% to hit)
You shoot an arrow.
The arrow hits the death yak but does no damage.
The death yak misses you.
Fire: a) +1 shortbow (elec)
You shoot an arrow.
The arrow completely misses the death yak.
The arrow hits the hell rat!
The death yak gores you!
* * * LOW HITPOINT WARNING * * *
You take 8 damage, and have 16/86 hp.
Fire: a) +1 shortbow (elec)
Aim: a death yak (moderately wounded, 85% to hit)
You shoot an arrow. The arrow hits the death yak!
The death yak gores you!
* * * LOW HITPOINT WARNING * * *
You take 11 damage, and have 5/86 hp.
Fire: a) +1 shortbow (elec)
Aim: a death yak (heavily wounded, 85% to hit)
You shoot an arrow.
The arrow hits the death yak but does no damage.
The death yak completely misses you.
Really quaff
G - a potion of ambrosia {!q}?
You are confused.
You feel invigorated. The death yak gores you!!
You die... .... ... ... #.. rS#

#r# #Y# #@#####
####.....#
#......#.#
#.####.#.#
#######.#>...#.#
#...>...#.####.#
#.#######.# #.#
#.#.......# #.#
####.#.#.#####
#.#


You could see a death yak, a water moccasin, a hell rat and a river rat.

Vanquished Creatures
  A two-headed ogre (D:9)
  2 death yaks (D:9)
  Joseph (D:7)
  Maggie (D:8)
  A shadow (D:9)
  3 wyverns
  4 yaks (D:8)
  2 steam dragons (D:8)
  Duvessa (D:6)
  5 water moccasins
  2 orc warriors
  An ice beast (D:5)
  An ogre (D:4)
  A centaur (D:7)
  A kobold brigand (D:7)
  A necrophage (D:5)
  5 bullfrogs
  9 scorpions
  4 wights (D:9)
  Dowan (D:6)
  5 howler monkeys
  3 centaur zombies (Ossuary)
  3 human zombies (Ossuary)
  4 gnoll boudas
  6 hounds
  An orc priest (D:5)
  5 jellies
  Jessica (D:2)
  4 iguanas
  5 orc wizards
  5 scorpion zombies (Ossuary)
  3 mummies (Ossuary)
  14 gnolls
  3 adders (D:5)
  A shadow imp (D:6)
  A white imp (D:7)
  4 worms
  24 orcs
  5 ball pythons
  6 endoplasms
  A giant cockroach (D:1)
  2 gnoll zombies (Ossuary)
  9 hobgoblins
  10 jackals
  15 kobolds
  7 quokkas
  2 frilled lizards
  6 goblins
  A goblin zombie (Ossuary)
  3 hobgoblin zombies (Ossuary)
  A kobold zombie (Ossuary)
  5 orc zombies (Ossuary)
  5 rats
217 creatures vanquished.

Notes
Turn   | Place    | Note
-------+----------+-------------------------------------------
     0 | D:1      | OTABOTABOTAB the Gnoll Hunter began the quest for the Orb.
     0 | D:1      | Reached XP level 1. HP: 20/20 MP: 1/1
   192 | D:1      | Reached XP level 2. HP: 26/26 MP: 2/2
   590 | D:1      | Reached XP level 3. HP: 28/31 MP: 3/3
   938 | D:2      | Found Docidgh's Weapon Emporium.
   980 | D:2      | Noticed Jessica
   982 | D:2      | Killed Jessica
   983 | D:2      | Reached skill level 1 in Short Blades
   983 | D:2      | Reached skill level 1 in Long Blades
   983 | D:2      | Reached skill level 1 in Axes
   983 | D:2      | Reached skill level 1 in Maces & Flails
   983 | D:2      | Reached skill level 1 in Polearms
   983 | D:2      | Reached skill level 1 in Staves
   983 | D:2      | Reached skill level 1 in Throwing
   983 | D:2      | Reached skill level 1 in Armour
   983 | D:2      | Reached skill level 1 in Shields
   983 | D:2      | Reached skill level 1 in Unarmed Combat
   983 | D:2      | Reached skill level 1 in Spellcasting
   983 | D:2      | Reached skill level 1 in Invocations
   983 | D:2      | Reached skill level 1 in Evocations
   987 | D:2      | Reached XP level 4. HP: 38/38 MP: 5/5
  1368 | D:3      | Reached skill level 1 in Conjurations
  1368 | D:3      | Reached skill level 1 in Hexes
  1368 | D:3      | Reached skill level 1 in Summonings
  1368 | D:3      | Reached skill level 1 in Necromancy
  1368 | D:3      | Reached skill level 1 in Translocations
  1368 | D:3      | Reached skill level 1 in Transmutations
  1368 | D:3      | Reached skill level 1 in Fire Magic
  1368 | D:3      | Reached skill level 1 in Ice Magic
  1368 | D:3      | Reached skill level 1 in Air Magic
  1368 | D:3      | Reached skill level 1 in Earth Magic
  1368 | D:3      | Reached skill level 1 in Poison Magic
  1749 | D:4      | Noticed a scorpion
  1757 | D:3      | Killed a scorpion
  1758 | D:3      | Reached XP level 5. HP: 43/43 MP: 5/7
  1861 | D:4      | Reached skill level 2 in Invocations
  1867 | D:4      | Reached skill level 3 in Stealth
  1868 | D:4      | Reached XP level 6. HP: 49/50 MP: 8/8
  1870 | D:4      | Reached skill level 5 in Fighting
  1870 | D:4      | Reached skill level 5 in Dodging
  1969 | D:4      | Reached skill level 2 in Short Blades
  1969 | D:4      | Reached skill level 2 in Long Blades
  1969 | D:4      | Reached skill level 2 in Axes
  1969 | D:4      | Reached skill level 2 in Maces & Flails
  1969 | D:4      | Reached skill level 2 in Polearms
  1969 | D:4      | Reached skill level 2 in Staves
  1969 | D:4      | Reached skill level 2 in Throwing
  1969 | D:4      | Reached skill level 2 in Armour
  1969 | D:4      | Reached skill level 2 in Shields
  1969 | D:4      | Reached skill level 2 in Unarmed Combat
  1969 | D:4      | Reached skill level 2 in Spellcasting
  1969 | D:4      | Reached skill level 2 in Evocations
  2267 | D:4      | Found a sand-covered staircase.
  2276 | Ossuary  | Entered an ossuary
  2319 | Ossuary  | Reached XP level 7. HP: 48/56 MP: 10/10
  2431 | Ossuary  | Reached skill level 2 in Conjurations
  2431 | Ossuary  | Reached skill level 2 in Hexes
  2431 | Ossuary  | Reached skill level 2 in Summonings
  2431 | Ossuary  | Reached skill level 2 in Necromancy
  2431 | Ossuary  | Reached skill level 2 in Translocations
  2431 | Ossuary  | Reached skill level 2 in Transmutations
  2431 | Ossuary  | Reached skill level 2 in Fire Magic
  2431 | Ossuary  | Reached skill level 2 in Ice Magic
  2431 | Ossuary  | Reached skill level 2 in Air Magic
  2431 | Ossuary  | Reached skill level 2 in Earth Magic
  2431 | Ossuary  | Reached skill level 2 in Poison Magic
  2452 | Ossuary  | Reached skill level 9 in Ranged Weapons
  2499 | Ossuary  | Reached skill level 3 in Invocations
  2552 | Ossuary  | Reached skill level 3 in Short Blades
  2552 | Ossuary  | Reached skill level 3 in Long Blades
  2552 | Ossuary  | Reached skill level 3 in Axes
  2552 | Ossuary  | Reached skill level 3 in Maces & Flails
  2552 | Ossuary  | Reached skill level 3 in Polearms
  2552 | Ossuary  | Reached skill level 3 in Staves
  2552 | Ossuary  | Reached skill level 3 in Throwing
  2552 | Ossuary  | Reached skill level 3 in Armour
  2552 | Ossuary  | Reached skill level 3 in Shields
  2552 | Ossuary  | Reached skill level 3 in Unarmed Combat
  2552 | Ossuary  | Reached skill level 3 in Spellcasting
  2552 | Ossuary  | Reached skill level 3 in Evocations
  2552 | Ossuary  | Reached XP level 8. HP: 63/63 MP: 12/12
  2572 | Ossuary  | Reached skill level 4 in Stealth
  3059 | D:4      | Found a glowing golden altar of the Shining One.
  3272 | D:5      | Entered Level 5 of the Dungeon
  3452 | D:5      | HP: 16/64 [water moccasin (7)]
  3457 | D:5      | HP: 14/64 [poisoned by a water moccasin]
  3463 | D:5      | HP: 15/64 [water moccasin (7)]
  3472 | D:5      | Reached skill level 3 in Conjurations
  3472 | D:5      | Reached skill level 3 in Hexes
  3472 | D:5      | Reached skill level 3 in Summonings
  3472 | D:5      | Reached skill level 3 in Necromancy
  3472 | D:5      | Reached skill level 3 in Translocations
  3472 | D:5      | Reached skill level 3 in Transmutations
  3472 | D:5      | Reached skill level 3 in Fire Magic
  3472 | D:5      | Reached skill level 3 in Ice Magic
  3472 | D:5      | Reached skill level 3 in Air Magic
  3472 | D:5      | Reached skill level 3 in Earth Magic
  3472 | D:5      | Reached skill level 3 in Poison Magic
  3472 | D:5      | Reached skill level 4 in Invocations
  3700 | D:5      | Reached skill level 6 in Fighting
  3700 | D:5      | Reached skill level 6 in Dodging
  3908 | D:5      | Reached XP level 9. HP: 69/69 MP: 14/14
  4078 | D:5      | Reached skill level 4 in Short Blades
  4078 | D:5      | Reached skill level 4 in Long Blades
  4078 | D:5      | Reached skill level 4 in Axes
  4078 | D:5      | Reached skill level 4 in Maces & Flails
  4078 | D:5      | Reached skill level 4 in Polearms
  4078 | D:5      | Reached skill level 4 in Staves
  4078 | D:5      | Reached skill level 4 in Throwing
  4078 | D:5      | Reached skill level 4 in Armour
  4078 | D:5      | Reached skill level 4 in Shields
  4078 | D:5      | Reached skill level 4 in Unarmed Combat
  4078 | D:5      | Reached skill level 4 in Spellcasting
  4078 | D:5      | Reached skill level 4 in Evocations
  4719 | D:6      | Found Ibbae's Antique Weapon Emporium.
  4801 | D:6      | Found Efauca's Antique Armour Boutique.
  4978 | D:6      | Found Peevvuk's Assorted Antiques.
  4985 | D:6      | Bought a scroll labelled PARRASUC KYCH for 29 gold pieces
  4985 | D:6      | Bought a fizzy white potion for 26 gold pieces
  5136 | D:6      | Reached skill level 5 in Stealth
  5253 | D:6      | Noticed ASSMAN's ghost (novice GnTm)
  5254 | D:6      | Found a transporter.
  5257 | D:6      | Identified the +8 dire flail of the Common Good {pain,
                  | *Rage Fly rF+}
  5257 | D:6      | Noticed a two-headed ogre
  5259 | D:6      | Found a transporter.
  5274 | D:6      | Noticed Dowan
  5275 | D:6      | Noticed Duvessa
  5304 | D:6      | Killed Duvessa
  5309 | D:6      | Killed Dowan
  5343 | D:6      | Found Ugatan's Weapon Boutique.
  5451 | D:6      | Found Loasoi Janu's Armour Boutique.
  5465 | D:6      | Reached skill level 5 in Invocations
  5952 | D:7      | Noticed Joseph
  6019 | D:7      | Reached skill level 4 in Conjurations
  6019 | D:7      | Reached skill level 4 in Hexes
  6019 | D:7      | Reached skill level 4 in Summonings
  6019 | D:7      | Reached skill level 4 in Necromancy
  6019 | D:7      | Reached skill level 4 in Translocations
  6019 | D:7      | Reached skill level 4 in Transmutations
  6019 | D:7      | Reached skill level 4 in Fire Magic
  6019 | D:7      | Reached skill level 4 in Ice Magic
  6019 | D:7      | Reached skill level 4 in Air Magic
  6019 | D:7      | Reached skill level 4 in Earth Magic
  6019 | D:7      | Reached skill level 4 in Poison Magic
  6156 | D:7      | Killed Joseph
  6157 | D:7      | Reached skill level 5 in Short Blades
  6157 | D:7      | Reached skill level 5 in Long Blades
  6157 | D:7      | Reached skill level 5 in Axes
  6157 | D:7      | Reached skill level 5 in Maces & Flails
  6157 | D:7      | Reached skill level 5 in Polearms
  6157 | D:7      | Reached skill level 5 in Staves
  6157 | D:7      | Reached skill level 10 in Ranged Weapons
  6157 | D:7      | Reached skill level 5 in Throwing
  6157 | D:7      | Reached skill level 5 in Armour
  6157 | D:7      | Reached skill level 5 in Shields
  6157 | D:7      | Reached skill level 5 in Unarmed Combat
  6157 | D:7      | Reached skill level 5 in Spellcasting
  6157 | D:7      | Reached skill level 5 in Evocations
  6157 | D:7      | Reached XP level 10. HP: 49/77 MP: 17/17
  6362 | D:7      | Reached skill level 7 in Fighting
  6362 | D:7      | Reached skill level 7 in Dodging
  6479 | D:7      | Found a burning altar of Makhleb.
  6534 | D:7      | Found a hazy altar of Hepliaklqana.
  6657 | D:7      | Found a staircase to the Ecumenical Temple.
  6666 | Temple   | Entered the Ecumenical Temple
  6769 | Temple   | Became a worshipper of Warmaster Okawaru
  7240 | D:8      | Reached skill level 6 in Stealth
  7240 | D:8      | Reached skill level 6 in Invocations
  7246 | D:8      | Reached * piety under Okawaru
  7430 | D:8      | Noticed Maggie
  7440 | D:8      | Killed Maggie
  8146 | D:9      | Found a blossoming altar of Fedhas.
  8148 | D:9      | Found a stormy altar of Qazlal.
  8446 | D:9      | Found Zotzaul's Vocational Training.
  8447 | D:9      | Noticed a two-headed ogre
  8454 | D:9      | Killed a two-headed ogre
  8454 | D:9      | Reached ** piety under Okawaru
  8455 | D:9      | Reached skill level 6 in Short Blades
  8455 | D:9      | Reached skill level 6 in Long Blades
  8455 | D:9      | Reached skill level 6 in Axes
  8455 | D:9      | Reached skill level 6 in Maces & Flails
  8455 | D:9      | Reached skill level 6 in Polearms
  8455 | D:9      | Reached skill level 6 in Staves
  8455 | D:9      | Reached skill level 6 in Throwing
  8455 | D:9      | Reached skill level 6 in Armour
  8455 | D:9      | Reached skill level 6 in Shields
  8455 | D:9      | Reached skill level 6 in Unarmed Combat
  8455 | D:9      | Reached skill level 6 in Spellcasting
  8455 | D:9      | Reached skill level 5 in Conjurations
  8455 | D:9      | Reached skill level 5 in Hexes
  8455 | D:9      | Reached skill level 5 in Summonings
  8455 | D:9      | Reached skill level 5 in Necromancy
  8455 | D:9      | Reached skill level 5 in Translocations
  8455 | D:9      | Reached skill level 5 in Transmutations
  8455 | D:9      | Reached skill level 5 in Fire Magic
  8455 | D:9      | Reached skill level 5 in Ice Magic
  8455 | D:9      | Reached skill level 5 in Air Magic
  8455 | D:9      | Reached skill level 5 in Earth Magic
  8455 | D:9      | Reached skill level 5 in Poison Magic
  8455 | D:9      | Reached skill level 6 in Evocations
  8455 | D:9      | Reached XP level 11. HP: 85/85 MP: 18/20
  8459 | D:9      | Identified the +1 ring mail of the Catamount {rPois rF+
                  | rC++ Int+3}
  8494 | D:9      | Noticed a death yak
  8501 | D:9      | Noticed a death yak
  8501 | D:9      | Noticed a death yak
  8502 | D:9      | Killed a death yak
  8516 | D:9      | HP: 20/86 [death yak (5)]
  8528 | D:9      | Killed a death yak
  8532 | D:9      | HP: 16/86 [death yak (9)]
  8533 | D:9      | HP: 5/86 [death yak (11)]
  8535 | D:9      | Mangled by a death yak

Illustrated notes

Levels and vault maps discovered:
D:1:      dpeg_arrival_signposts, layout_basic
D:2:      layout_basic, serial_shops, shop, uniq_jessica
D:3:      layout_rooms
D:4:      layout_loops_corners, general_overflow_altar, enter_ossuary_2
D:5:      layout_basic, grunt_tough_drop
D:6:      layout_loops_corners, gammafunk_ghost_smash, serial_shops, shop,
          nicolae_shop_trees, shop, shop, nicolae_shop_crystal, uniq_duvessa
D:7:      layout_basic, mainiacjoe_overflow_catch_the_wave,
          minmay_temple_entry_glassed_door, uniq_joseph
D:8:      layout_basic, kennysheep_generic_room_4, uniq_maggie
D:9:      layout_basic, grunt_temple_overflow_forces_of_nature,
          dpeg_lair_monsters, nicolae_shop_vocational
Temple:   eino_temple_scatter_basement

Skill      XL: |  1  2  3  4  5  6  7  8  9 10 |
---------------+-------------------------------+-----
Short Blades   | 1 2 3 5 6 |  6.2
Long Blades    | 1 2 3 5 6 |  6.2
Axes           | 1 2 3 5 6 |  6.2
Maces & Flails | 1 2 3 5 6 |  6.2
Polearms       | 1 2 3 5 6 |  6.2
Staves         | 1 2 3 5 6 |  6.2
Throwing       | 1 2 3 5 6 |  6.2
Armour         | 1 2 3 5 6 |  6.2
Shields        | 1 2 3 5 6 |  6.2
Unarmed Combat | 1 2 3 5 6 |  6.2
Spellcasting   | 1 2 3 5 6 |  6.2
Invocations    | 1 2 3 4 5 6 |  6.9
Evocations     | 1 2 3 5 6 |  6.2
Conjurations   | 1 2 3 4 5 |  5.2
Hexes          | 1 2 3 4 5 |  5.2
Summonings     | 1 2 3 4 5 |  5.2
Necromancy     | 1 2 3 4 5 |  5.2
Translocations | 1 2 3 4 5 |  5.2
Transmutations | 1 2 3 4 5 |  5.2
Fire Magic     | 1 2 3 4 5 |  5.2
Ice Magic      | 1 2 3 4 5 |  5.2
Air Magic      | 1 2 3 4 5 |  5.2
Earth Magic    | 1 2 3 4 5 |  5.2
Poison Magic   | 1 2 3 4 5 |  5.2
Stealth        | 3 4 5 6 |  6.7
Fighting       | 5 6 7 |  7.8
Dodging        | 5 6 7 |  7.8
Ranged Weapons | 9 10 | 10.6

Action                   |  1- 3 |  4- 6 |  7- 9 | 10-12 || total
-------------------------+-------+-------+-------+-------++-------
Melee: Trident           |       |       |     8 |       ||     8
       Punch             |       |       |     2 |       ||     2
       Bite              |       |       |     1 |       ||     1
 Fire: Shortbow          |    63 |   129 |   356 |   180 ||   728
Invok: Heroism           |       |       |       |     1 ||     1
  Use: Scroll            |     5 |     4 |     7 |     3 ||    19
       Potion            |       |       |     5 |     3 ||     8
Armor: Leather armour    |     8 |    10 |    63 |    14 ||    95
       Ring mail         |       |       |       |     2 ||     2
Dodge: Dodged            |    17 |    33 |   178 |    61 ||   289

Table legend: (Time is in decaauts)
 A = Elapsed time spent in this place.
 B = Non-inter-level travel time spent in this place.
 C = Inter-level travel time spent in this place.
 D = Time resting spent in this place.
 E = Time spent auto-exploring this place.
 F = Levels seen in this place.
 G = Mean time per level.
                   A        B        C        D        E       F      G
               +--------+--------+--------+--------+--------+-----+--------+
         Total |   8580 |   8064 |    516 |    212 |   6549 |  11 |  780.0 |
       Dungeon |   7894 |   7415 |    479 |    112 |   6267 |   9 |  877.1 |
        Temple |    127 |     90 |     37 |      0 |     75 |   1 |  127.0 |
       Ossuary |    558 |    558 |      0 |    100 |    207 |   1 |  558.0 |
               +--------+--------+--------+--------+--------+-----+--------+

Top non-repeatable levels by time:
     D:5: 1409 daAuts
     D:6: 1298 daAuts
     D:8: 1045 daAuts
     D:7: 1007 daAuts
     D:4: 922 daAuts
     D:1: 879 daAuts
 Ossuary: 558 daAuts
     D:3: 519 daAuts
     D:2: 424 daAuts
     D:9: 387 daAuts
  Temple: 127 daAuts

Table legend:
 A = Kills in this place as a percentage of kills in entire the game.
 B = Kills by you in this place as a percentage of kills by you in the entire game.
 C = Kills by friends in this place as a percentage of kills by friends in the entire game.
 D = Other kills in this place as a percentage of other kills in the entire game.
 E = Experience gained in this place as a percentage of experience gained in the entire game.
 F = Experience gained in this place divided by the number of levels of this place that you have seen.
                   A       B       C       D       E      F
               +-------+-------+-------+-------+-------+----------------------
         Total | 100.0 | 100.0 |   N/A |   N/A | 100.0 | 989.8
       Dungeon |  85.7 |  85.7 |   N/A |   N/A |  91.3 | 1104.8
       Ossuary |  14.3 |  14.3 |   N/A |   N/A |   8.7 | 945.0
               +-------+-------+-------+-------+-------+----------------------
